 Dungeon Crawl Stone Soup version 0.31.0-4-g52a2dc7128 (console) character file.

Game seed: 16221111011945718758

71 AlterAsc the Chopper (level 4, -2/39 HPs)
             Began as a Hill Orc Fighter on Jan 23, 2024.
             Slain by a gnoll
             ... wielding a +0 flail
              (6 damage)
             ... on level 3 of the Dungeon.
             The game lasted 00:02:57 (1013 turns).

AlterAsc the Chopper (Hill Orc Fighter)             Turns: 1013, Time: 00:02:57

Health: -2/39      AC:  8    Str: 20    XL:     4   Next: 24%
Magic:  4/4        EV:  9    Int:  8    God:
Gold:   39         SH:  4    Dex: 10    Spells: 3/3 levels left

rFire   . . .        a - +0 war axe
rCold   . . .        c - +0 buckler
rNeg    . . .        b - +0 scale mail
rPois   .            (no helmet)
rElec   .            q - +0 cloak
rCorr   .            (no gloves)
SInv    .            (no boots)
Will    +....        (no amulet) Stlth
                     g - ring of willpower
HPRegen 0.26/turn    (no ring)
MPRegen 0.09/turn

%: no passive effects
@: no status effects
A: no striking features
a: no special abilities


You were on level 3 of the Dungeon.
You visited 1 branch of the dungeon, and saw 3 of its levels.

You collected 72 gold pieces.
You spent 33 gold pieces at shops.

Inventory:

Hand Weapons
 a - a +0 war axe (weapon)
Missiles
 i - 24 stones (quivered)
 k - 5 curare-tipped darts
 m - 2 poisoned darts
Armour
 b - a +0 scale mail (worn)
 c - a +0 buckler (worn)
 q - a +0 cloak (worn)
Jewellery
 g - a ring of willpower (left hand)
Scrolls
 e - a scroll of poison {unknown}
 h - 2 scrolls of identify {unknown}
 j - 2 scrolls of teleportation {unknown}
 l - a scroll of enchant weapon {unknown}
 n - 2 scrolls of fear {unknown}
Potions
 d - a potion of might
 f - a potion of mutation {unknown}
 o - a potion of curing
 p - a potion of resistance {unknown}


   Skills:
 - Level 3.6 Fighting
 + Level 5.8 Axes
 - Level 3.2 Armour
 - Level 3.2 Shields


You had 3 spell levels left.
You didn't know any spells.
Your spell library was empty.

Dungeon Overview and Level Annotations

Branches:
Dungeon (3/15)

Altars:

Shops:
D:2 !


Message History

Found a fizzy cyan potion and 2 gold pieces.
There is a stone staircase leading up here.
A gnoll comes into view. It is wielding a +0 spear.
The gnoll shouts!
An endoplasm comes into view.
The gnoll hits you but does no damage.
You slash the gnoll!
The gnoll is severely wounded.
A gnoll comes into view. It is wielding a +0 flail.
You hit the gnoll but do no damage.
The gnoll is severely wounded.
You hit the giant cockroach. You block the giant cockroach's attack.
The gnoll hits you but does no damage. The gnoll hits you with a +0 club.
The giant cockroach bites you but does no damage.
You closely miss the giant cockroach.
The giant cockroach is heavily wounded.
You slash the gnoll!
You kill the gnoll!
You block the giant cockroach's attack. You block the gnoll's attack.
You closely miss the giant cockroach.
The giant cockroach is moderately wounded.
You closely miss the gnoll. You block the giant cockroach's attack.
The gnoll hits you from afar with a +0 spear.
The giant cockroach bites you. The gnoll hits you with a +0 flail.
A frilled lizard comes into view.
The gnoll hits you but does no damage.
You hit the giant cockroach but do no damage.
The giant cockroach is moderately wounded.
You closely miss the gnoll. The giant cockroach barely misses you.
The gnoll hits you with a +0 flail.
The gnoll hits you from afar with a +0 spear!
You slash the giant cockroach!
You kill the giant cockroach!
You hit the endoplasm.
You kill the endoplasm!
You hit the gnoll. The gnoll hits you with a +0 flail.
* * * LOW HITPOINT WARNING * * *
The gnoll hits you from afar with a +0 spear!
* * * LOW HITPOINT WARNING * * *
The gnoll attacks as it pursues you! The gnoll hits you with a +0 flail.
You die...

....#..+ ..
...# .....#
#....## #.#...
..###..g.
........#
....#).###$####
#.....g@....!..
#..##..##.#####
........# ..
##......# #.#
#...#### ..
#... . #... #.


You could see 2 gnolls.

Vanquished Creatures
  A gnoll (D:3)
  A dart slug (D:1)
  A ribbon worm (D:2)
  5 ball pythons
  8 endoplasms
  4 giant cockroaches
  4 goblins
  A hobgoblin (D:1)
  7 jackals (D:2)
  6 kobolds
  A quokka (D:2)
  3 bats
  3 frilled lizards (D:1)
  3 rats
48 creatures vanquished.

Notes
Turn   | Place    | Note
-------+----------+-------------------------------------------
     0 | D:1      | AlterAsc the Hill Orc Fighter began the quest for the Orb.
     0 | D:1      | Reached XP level 1. HP: 19/19 MP: 1/1
    39 | D:1      | Reached skill level 3 in Axes
   101 | D:1      | Reached XP level 2. HP: 19/26 MP: 2/2
   228 | D:1      | Reached skill level 4 in Axes
   405 | D:1      | Reached XP level 3. HP: 31/31 MP: 3/3
   690 | D:2      | Reached skill level 5 in Axes
   759 | D:2      | Found Efemur's Distillery.
   767 | D:2      | Bought a potion of curing for 33 gold pieces
   959 | D:2      | Reached XP level 4. HP: 35/39 MP: 4/4
  1013 | D:3      | Slain by a gnoll

Illustrated notes

Levels and vault maps discovered:
D:1:      elethiomel_arrival_quiet, layout_rooms
D:2:      layout_basic, serial_shops, shop
D:3:      layout_loops_cross, mainiacjoe_overflow_24_doors, uniq_terence

Skill      XL: |  1  2  3 |
---------------+----------+-----
Axes           | 3 4 5 |  5.8
Fighting       | |  3.6
Armour         | |  3.2
Shields        | |  3.2

Action                     |  1- 3 |  4- 6 || total
---------------------------+-------+-------++-------
  Melee: War axe           |   144 |     7 ||   151
 Armour: Scale mail        |    84 |    13 ||    97
  Dodge: Dodged            |    66 |     1 ||    67
  Block: Buckler           |    41 |     4 ||    45
